Map: Dusk Towers

Players

iTzDeath - Winner!

  • Race: Terran Terran

pashaB

  • Race: Protoss Protoss
  • League: Silver

VOD

Have the link to the VOD?

Description

Time

  • Played on: May 16, 2016, 9:01 p.m.
  • Length: 18:57
Show
View Real Time Build Order
Export as new Build Order

iTzDeath Terran - Winner!

Build Orders: Liberator Opening 

Get SALT Encoding   

  12  0:01  SCV  
  13  0:13  SCV  
  14  0:19  Supply Depot  
  14  0:25  SCV  
  15  0:41  Barracks  
  15  0:45  Supply Depot  
  15  0:46  SCV  
  16  0:57  Refinery  
  16  0:58  SCV  
  17  1:10  SCV  
  18  1:22  SCV  
  19  1:32  Marine  
  20  1:44  Command Center  
  20  1:49  SCV  
  20  1:52  Marine  
  22  2:01  SCV  
  22  2:05  Refinery  
  23  2:09  Marine  
  23  2:14  SCV  
  25  2:22  Supply Depot  
  25  2:26  SCV  
  26  2:44  Factory  
  26  2:48  Orbital Command  
  26  2:52  Supply Depot, Marine  
  27  3:10  Marine  
  28  3:19  Supply Depot  
  28  3:22  Engineering Bay  
  28  3:28  Marine  
  28  3:29  Starport  
  28  3:30  Factory Tech Lab  
  28  3:32  SCV  
  30  3:38  Orbital Command  
  30  3:44  SCV  
  30  3:46  Marine  
  32  3:51  Siege Tank  
  35  3:58  Liberator  
  35  3:59  SCV  
  36  4:02  Terran Infantry Weapons Level 1  
  36  4:03  Marine  
  40  4:22  Widow Mine  
  40  4:24  SCV  
  43  4:36  SCV  
  43  4:38  Refinery  
  44  4:51  Widow Mine  
  37  5:09  Marine  
  36  5:27  Marine  
  37  5:30  Siege Tank  
  40  5:42  SCV  
  40  5:54  Viking, SCV  
  42  6:15  Widow Mine  
  42  6:16  SCV  
  45  6:24  Viking, Command Center  
  43  6:44  Widow Mine  
  41  7:10  Terran Infantry Armor Level 1, SCV  
  41  7:20  Barracks  
  38  7:23  SCV  
  38  7:26  Siege Tank  
  38  7:29  Viking  
  43  7:34  Command Center  
  43  7:35  SCV x2  
  44  7:55  SCV  
  45  7:58  Siege Tank  
  48  8:31  Siege Tank  
  51  8:45  Barracks  
  51  8:46  Barracks  
  48  9:03  Siege Tank  
  48  9:05  Barracks  
  51  9:15  Supply Depot  
  51  9:18  Barracks  
  51  9:26  Supply Depot  
  51  9:32  Planetary Fortress  
  51  9:35  Starport Reactor, Siege Tank  
  54  9:38  Marine  
  54  9:41  Barracks Reactor  
  54  9:44  Barracks  
  54  9:55  Barracks Reactor  
  54  10:04  Factory  
  54  10:15  Missile Turret  
  49  10:39  Marine x2  
  49  10:40  Marine x4  
  49  10:42  Medivac x2  
  59  10:43  Barracks Tech Lab  
  59  10:46  Supply Depot  
  59  10:56  Sensor Tower  
  59  10:57  Marine x2, SCV  
  59  10:58  Marine x3  
  59  10:59  Marine  
  59  11:00  Factory Tech Lab  
  66  11:09  SCV  
  67  11:13  Refinery  
  67  11:15  Marine x3  
  70  11:21  Barracks Tech Lab x2, SCV  
  71  11:27  Stimpack  
  71  11:28  Marine  
  71  11:29  Marine  
  73  11:33  Marine x3, SCV  
  77  11:45  SCV  
  77  11:46  Marine x2  
  80  11:51  Marine x3  
  80  11:52  Medivac  
  85  12:03  Armory  
  85  12:11  Supply Depot  
  85  12:33  Medivac, Marine x6  
  85  12:34  Supply Depot  
  93  12:39  Refinery  
  93  12:47  Refinery  
  93  12:49  Command Center  
  93  12:53  Combat Shields  
  93  12:55  Marine x7, SCV  
  93  12:56  Supply Depot  
  101  13:00  Terran Vehicle Weapons Level 1  
  101  13:17  Marine x2, Thor  
  101  13:18  Supply Depot  
  109  13:24  Marine  
  109  13:28  Marine x3, SCV  
  109  13:29  Marine  
  109  13:31  Thor  
  101  13:35  Marine x2  
  101  13:40  SCV  
  90  13:43  Supply Depot  
  81  13:50  Marine x2  
  81  13:51  Marine  
  81  13:52  SCV  
  80  14:06  Supply Depot, Medivac x2  
  80  14:07  Marine x4  
  80  14:08  Marine  
  89  14:13  Missile Turret  
  89  14:24  Marine x3  
  90  14:25  Marine x2  
  92  14:34  Marine x3  
  88  14:39  Orbital Command  
  88  14:41  Marine x2, Command Center  
  88  14:42  Marine x2  
  88  14:43  Marine  
  79  15:02  Refinery  
  79  15:12  Thor  
  79  15:13  Thor  
  91  15:42  Marine  
  92  15:43  Marine x7  
  99  15:54  Refinery  
  99  15:55  Thor x2  
  111  16:00  Marine  
  111  16:01  Marine x7  
  119  16:16  Missile Turret  
  119  16:18  Medivac x2, Marine x7  
  120  16:19  Marine  
  120  16:23  SCV  
  132  16:32  Orbital Command  
  132  16:35  SCV  
  132  16:36  Marine x8  
  140  16:47  SCV  
  140  16:53  Marine  
  142  16:54  Marine x5  
  142  16:59  SCV  
  148  17:03  Marine x2  
  131  17:27  Marine x3  
  131  17:28  Marine x5  
  139  17:37  SCV  
  139  17:43  Thor  
  139  17:44  Thor  
  146  17:45  Marine x3  
  146  17:46  Marine x2  
  146  17:49  SCV  
  157  18:01  SCV  
  137  18:13  SCV  
  120  18:21  Marine  
  120  18:22  Marine x2  
  120  18:26  SCV  
  112  18:29  Marine x2  
  112  18:30  Marine x3  
Show
View Real Time Build Order
Export as new Build Order

pashaB Protoss 

Build Orders:  

Get SALT Encoding   

  12  0:01  Probe (Chrono Boost)  
  13  0:15  Pylon  
  13  0:24  Probe (Chrono Boost)  
  14  0:35  Gateway  
  14  0:38  Probe (Chrono Boost)  
  15  0:48  Probe (Chrono Boost)  
  16  0:53  Gateway  
  16  0:56  Assimilator  
  16  1:00  Probe (Chrono Boost)  
  17  1:10  Probe (Chrono Boost)  
  18  1:26  Cybernetics Core  
  18  1:31  Probe (Chrono Boost)  
  19  1:37  Pylon  
  19  1:41  Probe (Chrono Boost)  
  20  2:00  Assimilator  
  20  2:03  Gateway, Warp Gate (Chrono Boost)  
  22  2:08  Adept  
  22  2:18  Probe  
  23  2:25  Pylon  
  23  2:29  Stalker  
  25  2:30  Probe  
  25  2:45  Stalker  
  27  2:53  Stalker  
  29  2:59  Probe  
  30  3:06  Nexus  
  31  3:12  Probe  
  31  3:18  Sentry  
  33  3:25  Probe, Pylon  
  34  3:37  Probe (Chrono Boost)  
  36  3:48  Probe (Chrono Boost)  
  36  3:53  Adept x2  
  36  3:54  Adept  
  42  4:02  Probe (Chrono Boost), Forge  
  43  4:13  Probe (Chrono Boost)  
  43  4:15  Sentry  
  46  4:20  Pylon  
  46  4:24  Stalker  
  46  4:27  Sentry  
  34  5:13  Stalker x2  
  34  5:14  Stalker  
  40  5:52  Probe (Chrono Boost)  
  39  5:57  Stalker x3  
  39  6:03  Probe (Chrono Boost)  
  44  6:04  Twilight Council  
  44  6:06  Protoss Ground Weapons Level 1 (Chrono Boost)  
  44  6:08  Probe  
  43  6:12  Assimilator  
  43  6:16  Assimilator  
  43  6:18  Probe  
  43  6:19  Pylon  
  40  6:28  Gateway  
  40  6:29  Probe  
  39  6:51  Stalker  
  39  6:52  Stalker x2  
  37  7:27  Stalker x2  
  37  7:28  Stalker  
  41  7:36  Probe, Dark Shrine  
  41  7:39  Gateway  
  41  7:43  Gateway  
  42  7:45  Gateway  
  42  7:47  Probe, Gateway  
  39  7:58  Probe, Robotics Facility  
  33  8:00  Photon Cannon  
  27  8:08  Stalker  
  27  8:09  Stalker x2  
  32  8:20  Blink  
  31  8:29  Pylon  
  29  8:43  Stalker  
  29  8:44  Stalker x2  
  30  8:52  Probe  
  29  8:56  Probe  
  30  9:03  Probe  
  30  9:08  Probe (Chrono Boost)  
  32  9:10  Dark Templar  
  32  9:14  Probe (Chrono Boost)  
  35  9:20  Probe (Chrono Boost)  
  36  9:26  Probe (Chrono Boost)  
  36  9:29  Observer  
  39  9:31  Probe (Chrono Boost)  
  39  9:36  Probe (Chrono Boost)  
  40  9:42  Probe (Chrono Boost)  
  41  9:47  Probe (Chrono Boost)  
  41  9:48  Stalker  
  41  9:52  Probe (Chrono Boost)  
  45  9:57  Probe (Chrono Boost)  
  46  10:02  Dark Templar  
  46  10:03  Probe (Chrono Boost)  
  49  10:13  Probe (Chrono Boost)  
  46  10:30  Dark Templar  
  48  10:38  Probe (Chrono Boost)  
  48  10:39  Probe (Chrono Boost)  
  50  10:45  Photon Cannon  
  50  10:49  Probe (Chrono Boost)  
  51  10:50  Probe (Chrono Boost), Dark Templar  
  51  10:59  Probe x2 (Chrono Boost)  
  51  11:00  Immortal (Chrono Boost)  
  57  11:09  Probe  
  57  11:11  Probe  
  59  11:33  Sentry  
  59  11:36  Zealot  
  59  11:39  Adept  
  65  11:41  Sentry  
  67  11:53  Stalker  
  67  11:54  Stalker  
  71  11:57  Sentry  
  73  12:02  Nexus  
  73  12:13  Probe  
  74  12:23  Probe  
  74  12:26  Probe  
  74  12:29  Stalker  
  78  12:30  Zealot  
  78  12:32  Sentry  
  78  12:34  Probe  
  83  12:37  Pylon  
  83  12:38  Probe  
  83  12:41  Protoss Shields Level 1 (Chrono Boost)  
  84  12:50  Probe  
  85  13:02  Stargate  
  85  13:04  Probe  
  86  13:14  Adept  
  86  13:16  Probe, Sentry  
  86  13:17  Photon Cannon  
  86  13:18  Sentry  
  65  13:50  Stalker x4  
  69  14:03  Dark Templar  
  69  14:07  Dark Templar  
  69  14:08  Dark Templar  
  75  14:15  Probe  
  76  14:22  Assimilator  
  76  14:25  Probe  
  76  14:28  Stalker  
  76  14:30  Sentry  
  79  14:36  Probe  
  76  14:47  Probe  
  69  14:57  Probe  
  58  15:02  Immortal (Chrono Boost)  
  62  15:08  Probe, Protoss Shields Level 2  
  63  15:18  Probe  
  63  15:19  Robotics Facility  
  64  15:25  Dark Templar  
  64  15:26  Dark Templar  
  68  15:29  Probe  
  69  15:45  Sentry  
  64  15:56  Nexus  
  55  16:02  Probe  
  56  16:13  Probe  
  56  16:15  Dark Templar  
  56  16:18  Sentry  
  61  16:24  Zealot  
  61  16:25  Zealot  
  55  16:43  Zealot x3  
  55  16:44  Zealot x3  
  55  16:45  Zealot  
  64  17:25  Probe  
  65  17:31  Stalker  
  65  17:32  Stalker  
  65  17:34  Zealot  
  65  17:35  Zealot x2  
  65  17:36  Probe  
  65  17:37  Probe  
  77  17:45  Assimilator  
  77  17:46  Probe  
  77  17:47  Probe  
  77  17:50  Pylon  
  77  17:58  Probe, Zealot  
  26  18:47  Gateway  
  26  18:50  Gateway  
  26  18:53  Gateway  
Tags
 
Add a new tag
Caveats
  • Supply blocks, unpowered buildings, or Contaminate may cause inaccurate times.
  • Supply counts are checked every 10 seconds.